 Dungeon Sprint DCSS version 0.30-a0-371-gad7725a93e (webtiles) character file.

Game seed: 5878136602807812585

639 mhtbhm the Unseen (level 7, -9/55 HPs)
             Began as a Spriggan Brigand on Nov 21, 2022.
             Was a Follower of Dithmenos.
             Blown up by Sonja (11 damage)
             ... with a mindburst bolt
             ... in the Dungeon (Sprint I: "Red Sonja").
             The game lasted 00:01:44 (315 turns).

mhtbhm the Unseen (Spriggan Brigand)                 Turns: 315, Time: 00:01:45

Health: -9/55      AC:  3    Str:  7    XL:     7   Next: 26%
Magic:  10/11      EV: 17    Int: 13    God:    Dithmenos [*.....]
Gold:   459        SH:  0    Dex: 18    Spells: 6/6 levels left

rFire   . . .      SeeInvis +    a - +2 dagger
rCold   . . .      Faith    .    (no shield)
rNeg    . . .      Spirit   .    b - +0 robe
rPois   .          Reflect  .    (helmet restricted)
rElec   .          Harm     .    c - +0 cloak
rCorr   .          Rampage  .    (gloves unavailable)
Will    +....      NoTele   +    (boots unavailable)
Stlth   ..........               (no amulet)
HPRegen 0.29/turn                (no ring)
MPRegen 0.12/turn                (no ring)

@: berserking, hasted, wreathed by umbra, very quick
A: very small, no large weapons, unfitting armour, see invisible, speed 3
a: Renounce Religion


You were in the Dungeon.
You worshipped Dithmenos.
Dithmenos was aware of your devotion.
You visited 1 branch You collected 459 gold pieces.

Inventory:

Hand Weapons
 a - a +2 dagger (weapon)
Missiles
 d - 9 poisoned darts
 e - 2 curare-tipped darts (quivered)
Armour
 b - a +0 robe (worn)
 c - a +0 cloak (worn)
Jewellery
 n - a ring of protection from fire
Wands
 l - a wand of digging (6)
Scrolls
 k - a scroll of blinking
 o - a scroll of amnesia {unknown}
Potions
 f - a potion of curing
 g - a potion of heal wounds
 i - 2 potions of magic
 m - a potion of flight {unknown}


   Skills:
 + Level 3.9 Fighting
 + Level 5.9 Short Blades
 + Level 5.5 Throwing
 + Level 2.6 Dodging
 + Level 19.4 Stealth
 * Level 4.0 Invocations


You had 6 spell levels left.
You didn't know any spells.
Your spell library was empty.

Dungeon Overview and Level Annotations

Branches:
Dungeon (1/1)

Altars:
Cheibriados
Dithmenos
Elyvilon
Fedhas
Gozag
Hepliaklqana
Kikubaaqudgha
Makhleb
Nemelex Xobeh
Okawaru
Qazlal
Ru
Sif Muna
Trog
Uskayaw
Vehumet
Wu Jian
Xom
Yredelemnul
Zin
The Shining One
Jiyva
Lugonu

Shops:
D (

Annotations:
D Sonja


Innate Abilities, Weirdness & Mutations

You are very small and have problems with some larger weapons.
You are too small for most types of armour.
You have supernaturally acute eyesight. (SInv)
You cover ground extremely quickly. (Speed+++)


Message History

You miss Sonja. You miss Sonja. Sonja closely misses you.
Sonja hits you but does no damage. Space warps around you.
Sonja barely misses you.
You miss Sonja.
Sonja hits you with a +0 dagger of distortion.
Space warps horribly around you!
Sonja hits you with a +0 dagger of distortion.
Sonja barely misses you.
You puncture Sonja!
Sonja is moderately wounded.
You completely miss Sonja.
Sonja is moderately wounded.
Sonja barely misses you.
Sonja hits you with a +0 dagger of distortion.
Sonja barely misses you.
You puncture Sonja!
Sonja is severely wounded.
Sonja barely misses you. Sonja closely misses you.
Sonja hits you with a +0 dagger of distortion.
Space warps horribly around you!
* * * LOW HITPOINT WARNING * * *
You completely miss Sonja.
Sonja is severely wounded.
You puncture Sonja!
Sonja is almost dead.
Sonja closely misses you. x2
Sonja hits you with a +0 dagger of distortion.
* * * LOW HITPOINT WARNING * * *
Space warps around you.
* * * LOW HITPOINT WARNING * * *
Press: ? - help, v - describe, . - travel
Here: Sonja, wielding a +0 dagger of distortion, quivering curare-tipped darts and carrying a wand of mindburst (14) (almost dead, umbra)
An open door, spattered with blood.
Unknown command.
You closely miss Sonja.
Sonja is almost dead.
You barely miss Sonja.
Sonja is almost dead.
Sonja zaps a wand.
Your mind is blasted!
You die...

######################
#<.#.)'..#.)'..#__#..+
#..'.)#..'..#..'..'..#
#..#####'#####'#__####
#..####..#...#.####
#..#__####..##.#
#..#_____##'#_.+
#⌠⌠#_.∩...'..._#
###._..__##_@#'#
#..#_____###K#.#
########## #.### $.$
$.$ ##.## #+#


You could see Sonja.

Vanquished Creatures
  A slime creature (D)
  Sigmund (D)
  A yak (D)
  An ogre (D)
  A jelly (D)
  Ijyb (D)
6 creatures vanquished.

Notes
Turn   | Place    | Note
-------+----------+-------------------------------------------
     0 | D        | mhtbhm the Spriggan Brigand began the quest for the Orb.
     0 | D        | Reached XP level 1. HP: 10/10 MP: 2/2
     2 | D        | Noticed Ijyb
     4 | D        | Killed Ijyb
     5 | D        | Reached skill level 9 in Stealth
     5 | D        | Reached XP level 2. HP: 15/15 MP: 3/3
   110 | D        | Noticed an ogre
   120 | D        | Killed an ogre
   121 | D        | Reached skill level 13 in Stealth
   121 | D        | Reached XP level 3. HP: 19/19 MP: 4/4
   121 | D        | Reached XP level 4. HP: 23/23 MP: 5/5
   156 | D        | Found a basalt altar of Yredelemnul.
   156 | D        | Found a hide-covered altar of Uskayaw.
   156 | D        | Found a hazy altar of Hepliaklqana.
   156 | D        | Found a shadowy altar of Dithmenos.
   156 | D        | Found a sacrificial altar of Ru.
   156 | D        | Found a snail-covered altar of Cheibriados.
   156 | D        | Found an opulent altar of Gozag.
   156 | D        | Found a sparkling altar of Nemelex Xobeh.
   157 | D        | Found an ancient bone altar of Kikubaaqudgha.
   157 | D        | Found Sexzaor's Antique Weapon Emporium.
   157 | D        | Found a glowing golden altar of the Shining One.
   157 | D        | Found an iron altar of Okawaru.
   157 | D        | Found a bloodstained altar of Trog.
   157 | D        | Found a blossoming altar of Fedhas.
   157 | D        | Found a stormy altar of Qazlal.
   157 | D        | Found a white marble altar of Elyvilon.
   157 | D        | Found a glowing silver altar of Zin.
   157 | D        | Noticed a yak
   174 | D        | Killed a yak
   175 | D        | Reached skill level 16 in Stealth
   175 | D        | Reached XP level 5. HP: 28/28 MP: 6/6
   200 | D        | Became a worshipper of Dithmenos the Shadowed
   220 | D        | Found a shimmering blue altar of Sif Muna.
   220 | D        | Found a radiant altar of Vehumet.
   220 | D        | Found an ornate altar of the Wu Jian Council.
   224 | D        | Reached skill level 5 in Short Blades
   224 | D        | Reached XP level 6. HP: 32/32 MP: 7/7
   265 | D        | Noticed Sigmund
   267 | D        | Killed Sigmund
   268 | D        | Reached skill level 5 in Throwing
   268 | D        | Reached skill level 18 in Stealth
   277 | D        | Found a burning altar of Makhleb.
   277 | D        | Found a shimmering altar of Xom.
   277 | D        | Noticed a slime creature
   278 | D        | Found a viscous altar of Jiyva.
   278 | D        | Found a corrupted altar of Lugonu.
   280 | D        | Killed a slime creature
   280 | D        | Reached * piety under Dithmenos
   281 | D        | Reached skill level 19 in Stealth
   281 | D        | Reached XP level 7. HP: 37/37 MP: 7/11
   303 | D        | Noticed Sonja
   313 | D        | HP: 2/55 [Sonja/+0 dagger of distortion (1)]
   315 | D        | Blown up by Sonja

Illustrated notes

Levels and vault maps discovered:
D:        dungeon_sprint_1 [red_sonja_temple_1, red_sonja_temple_small_1]

Skill      XL: |  1  2  3  4  5  6 |
---------------+-------------------+-----
Fighting       | 2 3 |  3.9
Stealth        | 9 13 16 19 | 19.4
Short Blades   | 3 4 5 |  5.9
Throwing       | 3 4 5 |  5.5
Dodging        | 2 |  2.6
Invocations    | 4 |  4.0

Action                   |  1- 3 |  4- 6 |  7- 9 || total
-------------------------+-------+-------+-------++-------
Melee: Dagger            |     2 |     3 |    10 ||    15
Throw: Dart              |     2 |     5 |       ||     7
Evoke: Wand              |       |     1 |       ||     1
  Use: Potion            |       |       |     2 ||     2
 Stab: Sleeping          |     1 |     3 |       ||     4
Armor: Robe              |       |       |     1 ||     1
Dodge: Dodged            |     1 |       |    10 ||    11

Table legend: (Time is in decaauts)
 A = Elapsed time spent in this place.
 B = Non-inter-level travel time spent in this place.
 C = Inter-level travel time spent in this place.
 D = Time resting spent in this place.
 E = Time spent auto-exploring this place.
 F = Levels seen in this place.
 G = Mean time per level.
                   A        B        C        D        E       F      G
               +--------+--------+--------+--------+--------+-----+--------+
         Total |    247 |    247 |      0 |    101 |      0 |   1 |  247.0 |
       Dungeon |    247 |    247 |      0 |    101 |      0 |   1 |  247.0 |
               +--------+--------+--------+--------+--------+-----+--------+

Top non-repeatable levels by time:
       D: 247 daAuts
